Selects Australian Defense Battlegroup
Construct Section Command Post
Selects Australian Light Infantry Section
Construct Section Command Post
Australian Light Infantry Section
Selects Defensive Tactics
Australian Light Infantry Section
Construct Platoon Command Post
Selects CMP 15cwt Supply Run
Construct Field Infirmary
Selects Reinforced Resource Caches
Unlock M3 Stuart Light Tanks
6-pounder Anti-tank Gun Team